 Dungeon Crawl Stone Soup version 0.23-a0-265-g9c2c487a97 (webtiles) character file.

490693 Norriv the Slayer (level 23, -35/232 HPs)
             Began as a Minotaur Fighter on Sept 30, 2018.
             Was the Champion of Okawaru.
             Killed from afar by an ancient lich (63 damage)
             ... with a bolt of lightning
             ... on level 5 of the Vaults.
             The game lasted 04:42:46 (54856 turns).

Norriv the Slayer (Minotaur Fighter)               Turns: 54856, Time: 04:42:47

Health: -35/232    AC: 34    Str: 25    XL:     23   Next: 58%
Magic:  28/28      EV: 24    Int:  8    God:    Okawaru [******]
Gold:   4330       SH: 30    Dex: 27    Spells: 22/22 levels left

rFire    + . .     SeeInvis .   a - +9 double sword (elec)
rCold    + . .     Gourm    .   W - +0 large shield
rNeg     . . .     Faith    .   Q - +1 plate armour {MR+}
rPois    +         Spirit   .   (helmet unavailable)
rElec    .         Reflect  +   u - +2 cloak {rPois}
rCorr    .         Harm     .   A - +2 pair of gloves {Dex+3}
MR       +++..     Clarity  +   X - +2 pair of boots {Fly}
Stlth    ..........             S - +5 amulet of reflection
HPRegen  0.48/turn              N - ring of Amelioration {rF+ rC+ Dex+4 Stlth-}
MPRegen  0.21/turn              Z - ring of Duow {MR+ Int+3 Dex+4}

@: flying, studying Maces & Flails
A: retaliatory headbutt, horns 3, slimy green scales 2, clarity, MP-powered
wands
}: 3/15 runes: decaying, serpentine, slimy
a: Heroism, Finesse, Renounce Religion, Stop Flying


You were on level 5 of the Vaults.
You worshipped Okawaru.
Okawaru was exalted by your worship.
You were not hungry.

You visited 9 branches of the dungeon, and saw 45 of its levels.
You visited 1 bazaar.
You also visited: Labyrinth and Bailey.

You collected 5024 gold pieces.
You spent 694 gold pieces at shops.

Inventory:

Hand Weapons
 a - a +9 double sword of electrocution (weapon)
 b - a +2 scimitar of flaming
Missiles
 j - a throwing net (quivered)
 m - 69 tomahawks of returning
Armour
 u - a +2 cloak of poison resistance (worn)
 A - a +2 pair of gloves of dexterity (worn)
 Q - a +1 plate armour of magic resistance (worn)
 W - a +0 large shield (worn)
 X - a +2 pair of boots of flying (worn)
Jewellery
 k - an uncursed amulet of guardian spirit
 q - a +4 ring of slaying
 J - an uncursed ring of resist corrosion
 N - the ring of Amelioration (left hand) {rF+ rC+ Dex+4 Stlth-}
   (You found it on level 5 of the Pits of Slime)

   [ring of protection from cold]

   It affects your dexterity (+4).
   It protects you from fire.
   It protects you from cold.
   It makes you less stealthy.
 P - the amulet "Vegelofa" {Spirit +Blink rF+ MR+}
   (You found it on level 4 of the Vaults)

   [amulet of guardian spirit]

   It causes incoming damage to be split between your health and magic.
   It protects you from fire.
   It affects your resistance to hostile enchantments.
   It lets you blink.
 R - the ring of Suzos {Int+4 SInv}
   (You took it off a deep elf elementalist on level 3 of the Elven Halls)

   [ring of see invisible]

   It affects your intelligence (+4).
   It lets you see invisible.
 S - a +5 amulet of reflection (around neck)
 Z - the ring of Duow (right hand) {MR+ Int+3 Dex+4}
   (You found it on level 3 of the Lair of Beasts)

   [ring of protection from magic]

   It affects your intelligence (+3).
   It affects your dexterity (+4).
   It affects your resistance to hostile enchantments.
Wands
 n - a wand of polymorph (90)
 o - a wand of acid (7)
 y - a wand of clouds (15)
 F - a wand of paralysis (45)
 K - a wand of digging (18)
 L - a wand of disintegration (25)
 M - a wand of iceblast (39)
 T - a wand of enslavement (23)
 U - a wand of flame (178)
Scrolls
 e - 5 scrolls of enchant weapon
 h - 20 scrolls of remove curse
 i - 9 scrolls of fear
 l - 14 scrolls of teleportation
 p - a scroll of silence
 r - a scroll of holy word
 v - 5 scrolls of blinking
 D - 3 scrolls of magic mapping
 E - 7 scrolls of identify
 H - 8 scrolls of fog
 O - 2 scrolls of summoning
 V - 6 scrolls of enchant armour
 Y - 2 scrolls of brand weapon
Potions
 c - 3 potions of berserk rage
 d - 4 potions of might
 g - 6 potions of agility
 s - 3 potions of haste
 t - 5 potions of cancellation
 w - 14 potions of curing
 x - a potion of mutation
 z - 7 potions of resistance
 B - 4 potions of magic
 G - 2 potions of heal wounds
 I - 11 potions of lignification
Books
 C - a manual of Maces & Flails
Comestibles
 f - 59 rations


   Skills:
 + Level 24.9 Fighting
 - Level 18.0 Long Blades
 + Level 20.2 Armour
 + Level 19.9 Dodging
 + Level 20.2 Shields
 - Level 8.0 Invocations


You had 22 spell levels left.
You didn't know any spells.
Your spell library contained the following spells:

 Spells                   Type           Power        Failure   Level  Hunger
 Animate Skeleton         Necr           N/A          99%         1    ##.....
 Apportation              Tloc           #.....       99%         1    ##.....
 Confusing Touch          Hex            #.....       99%         1    ##.....
 Corona                   Hex            #......      99%         1    ##.....
 Flame Tongue             Conj/Fire      #....        99%         1    ##.....
 Pain                     Necr           #...         99%         1    ##.....
 Sting                    Conj/Pois      #...         99%         1    ##.....
 Summon Butterflies       Summ           #.......     99%         1    ##.....
 Summon Small Mammal      Summ           #...         99%         1    ##.....
 Blink                    Tloc           N/A          99%         2    ###....
 Call Imp                 Summ           #.......     99%         2    ###....
 Ensorcelled Hibernation  Hex/Ice        #.....       99%         2    ###....
 Passwall                 Tmut/Erth      #.......     99%         2    ###....
 Poisonous Vapours        Pois/Air       #.....       99%         2    ###....
 Shroud of Golubria       Chrm/Tloc      #.........   99%         2    ###....
 Swiftness                Chrm/Air       #.......     99%         2    ###....
 Throw Flame              Conj/Fire      #.....       99%         2    ###....
 Throw Frost              Conj/Ice       #.....       99%         2    ###....
 Call Canine Familiar     Summ           #.......     100%        3    ####...
 Confuse                  Hex            #.......     100%        3    ####...
 Conjure Flame            Conj/Fire      #.......     100%        3    ####...
 Dazzling Spray           Conj/Hex       #.....       100%        3    ####...
 Gell's Gravitas          Tloc           #.........   100%        3    ####...
 Ignite Poison            Fire/Tmut/Pois #.......     100%        3    ####...
 Inner Flame              Hex/Fire       #.......     100%        3    ####...
 Lesser Beckoning         Tloc           #.........   100%        3    ####...
 Mephitic Cloud           Conj/Pois/Air  #.......     100%        3    ####...
 Regeneration             Chrm/Necr      #.........   100%        3    ####...
 Spider Form              Tmut/Pois      #.........   100%        3    ####...
 Summon Guardian Golem    Hex/Summ       #.......     100%        3    ####...
 Teleport Other           Tloc           #.......     100%        3    ####...
 Tukima's Dance           Hex            #.......     100%        3    ####...
 Vampiric Draining        Necr           #.........   100%        3    ####...
 Animate Dead             Necr           N/A          100%        4    #####..
 Ice Form                 Ice/Tmut       #.......     100%        4    #####..
 Olgreb's Toxic Radiance  Pois           #.......     100%        4    #####..
 Passage of Golubria      Tloc           N/A          100%        4    #####..
 Sticky Flame             Conj/Fire      #.......     100%        4    #####..
 Summon Ice Beast         Ice/Summ       #.......     100%        4    #####..
 Summon Lightning Spire   Summ/Air       #.......     100%        4    #####..
 Alistair's Intoxication  Tmut/Pois      #.......     100%        5    ######.
 Blade Hands              Tmut           #.........   100%        5    ######.
 Bolt of Draining         Conj/Necr      #.........   100%        5    ######.
 Bolt of Magma            Conj/Fire/Erth #.........   100%        5    ######.
 Fireball                 Conj/Fire      #.........   100%        5    ######.
 Iskenderun's Battlesphe  Conj/Chrm      #.......     100%        5    ######.
 Lee's Rapid Deconstruct  Erth           #.........   100%        5    ######.
 Metabolic Englaciation   Hex/Ice        #.........   100%        5    ######.
 Venom Bolt               Conj/Pois      #.........   100%        5    ######.
 Bolt of Cold             Conj/Ice       #.........   100%        6    #######
 Bolt of Fire             Conj/Fire      #.........   100%        6    #######
 Darkness                 Hex            #.........   100%        6    #######
 Freezing Cloud           Conj/Ice/Air   #.........   100%        6    #######
 Invisibility             Hex            #.......     100%        6    #######
 Iron Shot                Conj/Erth      #.........   100%        6    #######
 Ozocubu's Refrigeration  Ice            #.........   100%        6    #######
 Simulacrum               Ice/Necr       #.........   100%        6    #######
 Orb of Destruction       Conj           #.........   100%        7    #######
 Ring of Flames           Chrm/Fire      #.........   100%        7    #######
 Spellforged Servitor     Conj/Summ      #.........   100%        7    #######
 Ignition                 Fire           #.........   100%        8    #######


Dungeon Overview and Level Annotations

Branches:
Dungeon (15/15)            Temple (1/1) D:6            Lair (6/6) D:9
  Swamp (4/4) Lair:4        Snake (4/4) Lair:3        Slime (5/5) Lair:6
    Orc (2/2) D:12            Elf (3/3) Orc:2        Vaults (5/5) D:14
  Crypt (0/3) Vaults:3     Depths (0/5) D:15

Altars:
Ashenzari
Cheibriados
Dithmenos
Elyvilon
Fedhas
Gozag
Hepliaklqana
Kikubaaqudgha
Nemelex Xobeh
Okawaru
Qazlal
Sif Muna
Uskayaw
Vehumet
Wu Jian
Xom
Yredelemnul
Zin
The Shining One
Jiyva

Shops:
D:13 (   D:15 =   Orc:2 ![[*[   Elf:3 :   Snake:1 }*   Snake:3 =}=
Vaults:2 =*(}

Annotations:
D:15 exclusion: Roxanne, Roxanne
Vaults:5 Saint Roka


Innate Abilities, Weirdness & Mutations

You reflexively headbutt those who attack you in melee.
You have a pair of large horns on your head.
You are mostly covered in slimy green scales. (AC +3)
You possess an exceptional clarity of mind.
You expend magic power (3 MP) to strengthen your wands.


Message History

The ancient lich is lightly damaged.
You block the ancient lich's attack.
The tengu reaver hits you from afar with a halberd.
You slash the ancient lich! You headbutt the ancient lich!
The ancient lich is moderately damaged.
The runic seal fades away.
The manticore changes into a moth of wrath!
The vault warden activates a sealing rune.
The ancient lich touches you but does no damage.
You hit the ancient lich.
The ancient lich is heavily damaged.
The ancient lich points at you and mumbles some strange words.
The bolt of lightning hits you!
* * * LOW HITPOINT WARNING * * *
The tengu reaver misses you.
You slice the ancient lich!! You headbutt the ancient lich.
The ancient lich is severely damaged.
The ancient lich gestures at you while chanting.
The bolt of lightning hits you!
You die...

#...%)Q....#
#..()).....#
#.)).......#
#))#####.....
#..#)/[#.....
#.y#!$[# ..##
#p*#=:?# .#
#QX##+##...#
#.L@)......#
#...)......#
#...............
#....###########
#.... #....
#####


You could see a tentacled monstrosity, an ancient lich, a vault warden, a tengu
reaver, a moth of wrath shaped shifter and a battlesphere.

Vanquished Creatures
  the Royal Jelly (Slime:5)
  An ancient lich (Vaults:5)
  The ghost of Ciwnetz the Metallomancer, an adept GrEE of Vehumet (Vaults:4)
  Vashnia (Snake:4)
  The ghost of Hoeroty the Executioner, an adept HOFi of Beogh (Vaults:4)
  Rupert (Lair:5)
  A lich (Vaults:3)
  The ghost of Bank the Pandemonic, an adept DDFi of Makhleb (Vaults:2)
  2 deep elf master archers (Elf:3)
  3 deep elf blademasters
  The ghost of Ikkolaj the Unseen, an adept OpFi of Dithmenos (Vaults:4)
  12 acid blobs
  2 sphinxes
  A shadow dragon (Vaults:2)
  Agnes (Snake:2)
  3 thorn hunters
  Kirke (Snake:3)
  2 storm dragons (Vaults:5)
  16 azure jellies
  5 nagarajas
  2 frost giants (Vaults:3)
  4 deep elf sorcerers
  Louise (Elf:3)
  A fire giant (Vaults:3)
  10 vault wardens
  5 deep elf elementalists (Elf:3)
  5 ironheart preservers
  8 stone giants
  2 very ugly things
  An entropy weaver (Vaults:2)
  A minotaur (Lab)
  7 deep elf demonologists
  A dire elephant (D:15)
  Snorg (Lair:4)
  6 deep elf annihilators
  8 deep elf death magi
  12 yaktaur captains
  6 ettins
  3 fire dragons
  Josephine (D:15)
  An ice dragon (Vaults:4)
  5 death oozes
  2 deep elf high priests (Elf:3)
  32 hydras
  10 ogre magi
  15 naga warriors
  5 ghost crabs
  24 vault guards
  7 great orbs of eyes
  4 rakshasas
  5 centaur warriors
  A catoblepas (Lair:6)
  2 shambling mangroves
  30 dancing weapons
  8 anacondas
  3 death yaks (Lair:6)
  A death knight (D:11)
  A satyr (shapeshifter) (Vaults:5)
  Urug (Lair:1)
  3 deep troll shamans
  43 two-headed ogres
  13 alligators
  An orc high priest (Orc:2)
  A deep troll earth mage (Vaults:3)
  24 deep elf knights
  12 naga sharpshooters
  The ghost of grizmgrazm2 the Fighter, a novice GrFi of Cheibriados (Orc:1)
  2 small abominations (Elf:3)
  4 shock serpents
  Nergalle (Lair:1)
  2 shadow wraiths
  10 skeletal warriors
  A titan skeleton (Vaults:3)
  An iron troll (Orc:2)
  7 salamander mystics
  8 sea snakes
  A glowing orange brain (Vaults:4)
  A spriggan druid (Swamp:4)
  10 deep trolls
  2 unseen horrors
  11 naga ritualists
  11 swamp dragons (Swamp:4)
  A flayed ghost (Vaults:4)
  A phantasmal warrior (Vaults:4)
  15 harpies
  6 ironbrand convokers
  2 wolf spider zombies
  10 orc knights
  11 deep elf archers
  A sphinx zombie (Vaults:4)
  4 necromancers
  6 wolf spiders
  38 ugly things
  A cyclops (shapeshifter) (Vaults:5)
  2 oklob plants (D:11)
  A shining eye (shapeshifter) (Elf:3)
  A shadow dragon skeleton (Vaults:4)
  8 mana vipers
  6 cyclopes
  6 orc sorcerers
  4 shining eyes
  A fire giant zombie (Vaults:4)
  A tengu skeleton (Vaults:3)
  3 manticores
  64 deep elf magi
  2 fire giant skeletons (Vaults:3)
  Joseph (D:7)
  A frost giant skeleton (Vaults:3)
  A stone giant skeleton (Vaults:3)
  10 elephants (Lair:6)
  12 salamanders
  13 vault sentinels
  9 guardian serpents
  27 black mambas
  3 eyes of devastation
  16 naga magi
  3 gargoyles
  Psyche (D:9)
  15 spiny frogs
  A rime drake (shapeshifter) (Elf:1)
  5 komodo dragons
  A yaktaur zombie (Vaults:1)
  6 freezing wraiths
  An efreet (D:15)
  36 yaktaurs
  A rime drake (Lair:3)
  17 trolls
  A queen bee (shapeshifter) (Vaults:1)
  5 yaktaur skeletons
  A hornet (shapeshifter) (Vaults:3)
  5 polar bears
  4 hornets
  6 bog bodies
  9 tyrant leeches
  A sphinx simulacrum (Vaults:2)
  14 blink frogs
  112 slime creatures
  8 hippogriffs
  5 water elementals
  4 spriggans
  An ettin skeleton (Vaults:4)
  24 yaks
  10 wraiths
  2 shadows
  A vampire (D:11)
  4 wyverns
  3 fire elementals
  2 golden eyes (Slime:1)
  3 hogs (Snake:3)
  15 vampire mosquitoes
  5 basilisks
  3 hungry ghosts
  3 human simulacra
  3 insubstantial wisps (Swamp:1)
  A warg (shapeshifter) (Elf:2)
  3 acid dragons
  2 soldier ants
  2 wargs (Orc:2)
  64 nagas
  A floating eye (Slime:1)
  14 swamp worms
  10 water moccasins
  9 porcupines
  18 swamp drakes
  18 ice beasts
  A hornet zombie (D:14)
  33 orc warriors
  3 black bears
  An orc zombie (Vaults:2)
  5 phantoms
  6 sky beasts
  A necrophage (D:7)
  4 eyes of draining
  22 wolves
  39 ogres
  3 boggarts (D:15)
  14 crocodiles
  13 centaurs
  A gnoll sergeant (D:10)
  17 bullfrogs
  A wyvern zombie (D:8)
  4 earth elementals
  2 wyvern skeletons
  A water moccasin skeleton (D:8)
  6 scorpions
  9 killer bees
  14 wights
  2 elf simulacra (Vaults:4)
  A troll skeleton (D:14)
  4 electric eels
  2 howler monkeys (D:8)
  4 bullfrog zombies
  10 crimson imps
  4 bullfrog skeletons
  7 centaur zombies
  5 human zombies
  20 orc wizards
  A quasit (D:10)
  17 orc priests
  11 hounds
  8 jellies
  6 centaur skeletons
  7 human skeletons
  4 iguanas
  15 worker ants
  A killer bee zombie (D:8)
  2 hound skeletons
  A howler monkey zombie (D:8)
  A worker ant zombie (D:9)
  24 gnolls
  16 adders
  4 shadow imps
  15 oozes (Lair:5)
  3 adder skeletons
  3 worms
  3 dart slugs
  2 leopard geckos
  115 orcs
  4 ball pythons
  5 bats
  6 giant cockroaches
  18 hobgoblins
  9 jackals
  14 kobolds
  4 quokkas
  4 frilled lizards
  14 goblins
  A leopard gecko skeleton (D:6)
  An orc skeleton (D:14)
  A quokka zombie (D:7)
  6 rats
  2 briar patches
  A crawling corpse (Elf:3)
1848 creatures vanquished.

Vanquished Creatures (others)
  An ironheart preserver (Vaults:2)
  A deep elf death mage (Elf:1)
  An ogre mage (Vaults:2)
  4 yaktaur captains
  A centaur warrior (Vaults:1)
  2 naga sharpshooters
  5 deep elf knights
  A deep elf archer (Elf:1)
  2 deep elf magi
  An orc knight (Vaults:1)
  A salamander (Snake:2)
  An ugly thing (D:15)
  A naga mage (Snake:4)
  9 yaktaurs
  3 hornets (Swamp:4)
  A hog (shapeshifter) (Vaults:4)
  A swamp drake (Swamp:4)
  A boggart (D:15)
  A centaur (Vaults:1)
  An ogre (Vaults:2)
  An orc wizard (Orc:1)
  A hobgoblin (Bailey)
  2 kobolds (Bailey)
  3 briar patches
  11 fungi
  9 plants
66 creatures vanquished.

Grand Total: 1914 creatures vanquished

Notes
Turn   | Place    | Note
-------+----------+-------------------------------------------
     0 | D:1      | Norriv the Minotaur Fighter began the quest for the Orb.
     0 | D:1      | Reached XP level 1. HP: 19/19 MP: 0/0
   219 | D:1      | Reached skill level 4 in Fighting
   229 | D:1      | Reached XP level 2. HP: 27/27 MP: 1/1
   693 | D:2      | Reached XP level 3. HP: 22/34 MP: 2/2
   858 | D:2      | Found a hazy altar of Hepliaklqana.
  1388 | D:2      | Reached XP level 4. HP: 41/41 MP: 3/3
  1620 | D:2      | Reached skill level 5 in Fighting
  1620 | D:2      | Reached skill level 5 in Armour
  2664 | D:4      | Reached XP level 5. HP: 40/48 MP: 4/4
  2748 | D:4      | HP: 2/48 [orc priest/divine providence (13)]
  3295 | D:4      | Reached XP level 6. HP: 29/57 MP: 5/5
  3454 | D:4      | Reached skill level 6 in Fighting
  3545 | D:4      | Reached skill level 5 in Long Blades
  3611 | D:4      | Found a deep blue altar of Sif Muna.
  3628 | D:4      | Reached XP level 7. HP: 64/64 MP: 6/6
  3846 | D:4      | Found a shimmering altar of Xom.
  3967 | D:5      | Entered Level 5 of the Dungeon
  4367 | D:5      | Reached skill level 7 in Fighting
  4423 | D:5      | Found a shattered altar of Ashenzari.
  4620 | D:5      | Found a white marble altar of Elyvilon.
  4852 | D:5      | Reached XP level 8. HP: 73/73 MP: 7/7
  5179 | D:6      | Reached skill level 8 in Fighting
  5361 | D:6      | Reached XP level 9. HP: 59/82 MP: 8/8
  5502 | D:6      | Found a staircase to the Ecumenical Temple.
  5510 | Temple   | Entered the Ecumenical Temple
  5517 | Temple   | Became a worshipper of Warmaster Okawaru
  5846 | D:6      | Found a glowing golden altar of the Shining One.
  5973 | D:7      | Reached skill level 1 in Invocations
  6003 | D:7      | Noticed Joseph
  6036 | D:7      | Killed Joseph
  6036 | D:7      | Reached * piety under Okawaru
  6036 | D:7      | Reached skill level 10 in Long Blades
  6412 | D:7      | Reached skill level 9 in Fighting
  7018 | D:8      | Reached ** piety under Okawaru
  7254 | D:8      | Reached XP level 10. HP: 86/91 MP: 11/11
  8343 | D:9      | Noticed Psyche
  8352 | D:9      | Killed Psyche
  8352 | D:9      | Reached *** piety under Okawaru
  8353 | D:9      | Reached skill level 10 in Fighting
  8353 | D:9      | Reached skill level 10 in Armour
  8425 | D:9      | Found a staircase to the Lair.
  8450 | D:9      | Noticed a two-headed ogre
  8463 | D:9      | Killed a two-headed ogre
  8829 | D:9      | Reached **** piety under Okawaru
  8947 | D:9      | Reached skill level 5 in Invocations
  9068 | D:10     | Entered Level 10 of the Dungeon
  9311 | D:10     | Reached XP level 11. HP: 85/101 MP: 13/13
  9646 | D:10     | Reached ***** piety under Okawaru
 10051 | D:11     | Reached skill level 11 in Fighting
 10088 | D:11     | Found a blossoming altar of Fedhas.
 10090 | D:11     | Noticed an oklob plant
 10090 | D:11     | Noticed an oklob plant
 10241 | D:11     | Killed an oklob plant
 10372 | D:11     | Killed an oklob plant
 10372 | D:11     | Received a gift from Okawaru
 10678 | D:11     | Noticed a two-headed ogre
 10687 | D:11     | Killed a two-headed ogre
 10963 | D:11     | Noticed a skeletal warrior
 10964 | D:11     | Noticed a death knight
 10981 | D:11     | Killed a skeletal warrior
 10987 | D:11     | Killed a death knight
 11223 | D:11     | Identified a scroll of acquirement
 11419 | D:11     | Reached skill level 5 in Shields
 11423 | D:11     | Reached XP level 12. HP: 107/112 MP: 15/15
 11939 | D:12     | Found an opulent altar of Gozag.
 12065 | D:12     | Found a staircase to the Orcish Mines.
 12065 | D:12     | Noticed a centaur warrior
 12076 | D:12     | Killed a centaur warrior
 12076 | D:12     | Received a gift from Okawaru
 12076 | D:12     | Reached skill level 12 in Fighting
 12094 | D:12     | Reached skill level 15 in Long Blades
 13009 | D:13     | Noticed a centaur warrior
 13016 | D:13     | Killed a centaur warrior
 13227 | D:13     | Found Ismued's Antique Weapon Shop.
 13590 | D:13     | Reached ****** piety under Okawaru
 13810 | D:14     | Found a gate to the Vaults.
 14127 | D:14     | Reached XP level 13. HP: 119/119 MP: 16/16
 14359 | D:14     | Found a basalt altar of Yredelemnul.
 14380 | D:14     | Received a gift from Okawaru
 14486 | D:14     | Reached skill level 13 in Fighting
 15105 | D:15     | Entered Level 15 of the Dungeon
 15239 | D:15     | Noticed a dire elephant
 15749 | D:15     | Killed a dire elephant
 16083 | D:15     | Reached skill level 1 in Dodging
 16552 | D:15     | Noticed Roxanne
 16653 | D:15     | Received a gift from Okawaru
 17444 | D:15     | Found a staircase to the Depths.
 17486 | D:15     | Noticed Josephine
 17505 | D:15     | Killed Josephine
 17653 | D:15     | Reached skill level 14 in Fighting
 17702 | D:15     | Found Gyjumu Ygha's Jewellery Emporium.
 17712 | D:15     | Reached XP level 14. HP: 132/132 MP: 4/17
 17825 | D:15     | Received a gift from Okawaru
 18414 | Lair:1   | Entered Level 1 of the Lair of Beasts
 18454 | Lair:1   | Reached skill level 10 in Shields
 18457 | Lair:1   | Noticed Nergalle
 18475 | Lair:1   | Killed Nergalle
 18770 | Lair:1   | Noticed Urug
 18785 | Lair:1   | Killed Urug
 20111 | Lair:3   | Got a slimy lapis lazuli ring
 20126 | Lair:3   | Identified the ring of Duow {MR+ Int+3 Dex+4} (You found it
                  | on level 3 of the Lair of Beasts)
 20208 | Lair:3   | Reached skill level 5 in Dodging
 20392 | Lair:3   | Found a staircase to the Snake Pit.
 20399 | Lair:3   | Received a gift from Okawaru
 21406 | Lair:4   | Found a staircase to the Swamp.
 21487 | Lair:4   | Noticed Snorg
 21505 | Lair:4   | Killed Snorg
 22135 | Lair:5   | Got an ancient rapier
 22240 | Lair:5   | Found a labyrinth entrance.
 22281 | Lab      | Entered a labyrinth
 22764 | Lab      | Identified the +8 rapier of Due Proportion {freeze, rElec
                  | Dex+3} (You found it on level 5 of the Lair of Beasts)
 23261 | Lair:5   | Noticed Rupert
 23274 | Lair:5   | Killed Rupert
 23274 | Lair:5   | Reached skill level 15 in Armour
 23288 | Lair:5   | Reached skill level 15 in Fighting
 23463 | Lair:6   | Entered Level 6 of the Lair of Beasts
 23716 | Lair:6   | Reached XP level 15. HP: 118/141 MP: 18/18
 23890 | Lair:6   | Received a gift from Okawaru
 24055 | Lair:6   | Found a viscous altar of Jiyva.
 24055 | Lair:6   | Found a staircase to the Slime Pits.
 24653 | Orc:1    | Entered Level 1 of the Orcish Mines
 24770 | Orc:1    | Found a flagged portal.
 24789 | Bailey   | Entered a bailey
 25434 | Orc:1    | Noticed grizmgrazm2's ghost (novice GrFi)
 25438 | Orc:1    | Found a transporter.
 25448 | Orc:1    | Found a transporter.
 25511 | Orc:1    | Killed grizmgrazm2's ghost
 25708 | Orc:2    | Entered Level 2 of the Orcish Mines
 26131 | Orc:2    | Found Lapp's Armour Boutique.
 26140 | Orc:2    | Found a staircase to the Elven Halls.
 26195 | Orc:2    | Found Laujouv's Armour Shop.
 26203 | Orc:2    | Received a gift from Okawaru
 26223 | Orc:2    | Received a gift from Okawaru
 26250 | Orc:2    | Found Zeutz's Distillery.
 26587 | Orc:2    | Reached skill level 16 in Fighting
 26700 | Orc:2    | Found Firech's Assorted Antiques.
 26713 | Orc:2    | Found Qiry Yta's Antique Armour Boutique.
 26724 | Orc:2    | Bought a pair of encrusted gloves for 237 gold pieces
 26740 | Orc:2    | Bought a +1 cloak of poison resistance for 202 gold pieces
 26804 | Orc:2    | Identified the +0 pair of gloves of Oblybaorr {Dex+3} (You
                  | bought it in a shop on level 2 of the Orcish Mines)
 27146 | Swamp:1  | Entered Level 1 of the Swamp
 27737 | Swamp:1  | Received a gift from Okawaru
 28256 | Swamp:2  | Noticed a thorn hunter
 28285 | Swamp:2  | Killed a thorn hunter
 28355 | Swamp:2  | Reached XP level 16. HP: 92/152 MP: 19/19
 28906 | Swamp:2  | Reached skill level 10 in Dodging
 29727 | Swamp:3  | Found a shimmering altar of Xom.
 30263 | Swamp:4  | Entered Level 4 of the Swamp
 30725 | Swamp:4  | Received a gift from Okawaru
 30745 | Swamp:4  | Got a scorched long sword {god gift}
 30779 | Swamp:4  | Identified the +1 long sword of Vaysuo {flame, rC+ Stlth+}
                  | (Okawaru gifted it to you on level 4 of the Swamp)
 30934 | Swamp:4  | Reached skill level 17 in Fighting
 31169 | Swamp:4  | Received a gift from Okawaru
 31228 | Swamp:4  | HP: 4/155 [shambling mangrove (15)]
 31231 | Swamp:4  | HP: 1/155 [shambling mangrove (3)]
 31355 | Swamp:4  | Noticed a thorn hunter
 31378 | Swamp:4  | Killed a thorn hunter
 31578 | Swamp:4  | Noticed a thorn hunter
 31593 | Swamp:4  | Killed a thorn hunter
 31601 | Swamp:4  | Received a gift from Okawaru
 32095 | Swamp:4  | Got a decaying rune of Zot
 32586 | Elf:1    | Entered Level 1 of the Elven Halls
 32660 | Elf:1    | Reached XP level 17. HP: 147/162 MP: 20/20
 32708 | Elf:1    | Found a gateway to a bazaar.
 32726 | Bazaar   | Entered a bazaar
 32746 | Bazaar   | Found Ykenop's Armour Emporium.
 32757 | Bazaar   | Found Ozas's Jewellery Emporium.
 32802 | Bazaar   | Found Fathra's Gadget Shoppe.
 32826 | Bazaar   | Found Ohasiok's Assorted Antiques.
 32885 | Bazaar   | Found Vizosot's Food Shoppe.
 32934 | Bazaar   | Bought a scroll of enchant weapon for 195 gold pieces
 33400 | Elf:1    | Reached skill level 15 in Shields
 33482 | Elf:1    | Received a gift from Okawaru
 33675 | Elf:1    | Got a twitching amber ring
 33719 | Elf:1    | Identified the ring of Music {-Tele Str+2 Int+5 Dex+2} (You
                  | found it on level 1 of the Elven Halls)
 34256 | Elf:2    | Reached skill level 18 in Fighting
 34429 | Elf:2    | Found a runed gate.
 34429 | Elf:2    | Found a runed gate.
 34429 | Elf:2    | Found a runed gate.
 34542 | Elf:2    | Noticed a deep elf blademaster
 34559 | Elf:2    | Killed a deep elf blademaster
 34727 | Elf:2    | Received a gift from Okawaru
 35058 | Elf:3    | Entered Level 3 of the Elven Halls
 35463 | Elf:3    | Reached XP level 18. HP: 133/173 MP: 21/21
 35566 | Elf:3    | Found Zuugacej's Book Shop.
 35670 | Elf:3    | Noticed Louise
 35682 | Elf:3    | Killed Louise
 35968 | Elf:3    | Received a gift from Okawaru
 35970 | Elf:3    | Noticed a Tzitzimitl
 35980 | Elf:3    | Noticed a Brimstone Fiend
 36529 | Elf:3    | Reached skill level 19 in Fighting
 37140 | Elf:3    | Received a gift from Okawaru
 37239 | Elf:3    | Got a heavily runed ivory ring
 37385 | Elf:3    | Identified the ring of Suzos {Int+4 SInv} (You took it off
                  | a deep elf elementalist on level 3 of the Elven Halls)
 37418 | Elf:3    | Noticed an Ice Fiend
 37974 | Elf:3    | Got an emerald-encrusted plate armour
 37975 | Elf:3    | Identified the cursed +1 plate armour of the Evening {rC+
                  | Str+4} (You found it on level 3 of the Elven Halls)
 38404 | Snake:1  | Entered Level 1 of the Snake Pit
 38923 | Snake:1  | Found Gumeomod's General Store.
 38923 | Snake:1  | Found Qoghoz's Gadget Emporium.
 39025 | Snake:1  | Reached skill level 15 in Dodging
 39025 | Snake:1  | Reached XP level 19. HP: 184/184 MP: 22/22
 39509 | Snake:2  | Noticed Agnes
 39520 | Snake:2  | Killed Agnes
 39520 | Snake:2  | Reached skill level 20 in Fighting
 40125 | Snake:3  | Found Fuxkeoge's Jewellery Emporium.
 40127 | Snake:3  | Found Xonlei's Gadget Boutique.
 40128 | Snake:3  | Found Ygeraez's Jewellery Emporium.
 40233 | Snake:3  | Reached XP level 20. HP: 176/193 MP: 23/23
 40309 | Snake:3  | Noticed Kirke
 40324 | Snake:3  | Killed Kirke
 41325 | Snake:4  | Entered Level 4 of the Snake Pit
 41336 | Snake:4  | Received a gift from Okawaru
 41834 | Snake:4  | Noticed Vashnia
 41869 | Snake:4  | Reached skill level 21 in Fighting
 41910 | Snake:4  | Received a gift from Okawaru
 42197 | Snake:4  | Killed Vashnia
 43513 | Snake:4  | Got a serpentine rune of Zot
 43749 | Slime:1  | Entered Level 1 of the Pits of Slime
 43753 | Slime:1  | Paralysed by a floating eye for 4 turns
 43765 | Slime:1  | Paralysed by a floating eye for 2 turns
 43773 | Slime:1  | Gained mutation: Potions are less effective at restoring
                  | your health. [a shining eye]
 43774 | Slime:1  | Received a gift from Okawaru
 43777 | Slime:1  | Paralysed by a floating eye for 4 turns
 43794 | Slime:1  | Got a translucent demon blade {god gift}
 43795 | Slime:1  | Identified the +3 demon blade of Discretion {vamp, *Drain
                  | rF+++ Int+4 Dex+3} (Okawaru gifted it to you on level 1 of
                  | the Pits of Slime)
 44240 | Slime:1  | HP: 6/199 [acid (16)]
 44684 | Slime:2  | Gained mutation: Potions are poor at restoring your health.
                  | [a shining eye]
 44735 | Slime:2  | Gained mutation: You occasionally shout uncontrollably at
                  | your foes. [a shining eye]
 45363 | Slime:3  | Reached skill level 22 in Fighting
 45775 | Slime:3  | Reached XP level 21. HP: 179/207 MP: 24/24
 46074 | Slime:5  | Entered Level 5 of the Pits of Slime
 46383 | Slime:5  | Received a gift from Okawaru
 46517 | Slime:5  | Noticed the Royal Jelly
 46739 | Slime:5  | Killed the Royal Jelly
 46739 | Slime:5  | Reached skill level 23 in Fighting
 47199 | Slime:5  | Identified the Almanac of Attacks
 47202 | Slime:5  | Got a slimy rune of Zot
 47360 | Slime:5  | Identified the Guide on Augmentations and Transformation
 47376 | Slime:5  | Got a warped pewter ring
 47392 | Slime:5  | Got a bound tin ring
 47434 | Slime:5  | Identified the ring of Jyunoamu {Str+6 Dex+3} (You found it
                  | on level 5 of the Pits of Slime)
 47435 | Slime:5  | Identified the ring of Amelioration {rF+ rC+ Dex+4 Stlth-}
                  | (You found it on level 5 of the Pits of Slime)
 47849 | Vaults:1 | Entered Level 1 of the Vaults
 49789 | Vaults:2 | Found a runed door.
 49834 | Vaults:2 | Lost mutation: Potions are poor at restoring your health.
                  | [potion of mutation]
 49834 | Vaults:2 | Gained mutation: You have sharp toenails. [potion of
                  | mutation]
 49834 | Vaults:2 | Gained mutation: Your movements are slightly less
                  | encumbered by armour. (ER -2) [potion of mutation]
 49835 | Vaults:2 | Lost mutation: Your movements are slightly less encumbered
                  | by armour. (ER -2) [potion of mutation]
 49835 | Vaults:2 | Lost mutation: You have sharp toenails. [potion of
                  | mutation]
 49835 | Vaults:2 | Gained mutation: Armour fits poorly on your strangely
                  | shaped body. [potion of mutation]
 49835 | Vaults:2 | Gained mutation: Potions are poor at restoring your health.
                  | [potion of mutation]
 49835 | Vaults:2 | Gained mutation: You are partially covered in slimy green
                  | scales. (AC +2) [potion of mutation]
 49836 | Vaults:2 | Lost mutation: Armour fits poorly on your strangely shaped
                  | body. [potion of mutation]
 49836 | Vaults:2 | Lost mutation: Potions are poor at restoring your health.
                  | [potion of mutation]
 49836 | Vaults:2 | Gained mutation: Armour fits poorly on your strangely
                  | shaped body. [potion of mutation]
 49836 | Vaults:2 | Gained mutation: You possess an exceptional clarity of
                  | mind. [potion of mutation]
 49837 | Vaults:2 | Lost mutation: Armour fits poorly on your strangely shaped
                  | body. [potion of mutation]
 49837 | Vaults:2 | Lost mutation: Potions are less effective at restoring your
                  | health. [potion of mutation]
 49837 | Vaults:2 | Lost mutation: You occasionally shout uncontrollably at
                  | your foes. [potion of mutation]
 49837 | Vaults:2 | Lost mutation: You possess an exceptional clarity of mind.
                  | [potion of mutation]
 49837 | Vaults:2 | Gained mutation: You expend magic power (3 MP) to
                  | strengthen your wands. [potion of mutation]
 49837 | Vaults:2 | Gained mutation: You have a pair of large horns on your
                  | head. [potion of mutation]
 49837 | Vaults:2 | Gained mutation: You possess an exceptional clarity of
                  | mind. [potion of mutation]
 49837 | Vaults:2 | Gained mutation: You are mostly covered in slimy green
                  | scales. (AC +3) [potion of mutation]
 49960 | Vaults:2 | Received a gift from Okawaru
 49992 | Vaults:2 | Found Biatoif's Jewellery Boutique.
 50194 | Vaults:2 | Found Xerhin's Antique Weapon Shop.
 50412 | Vaults:2 | Found Dulib's Gadget Boutique.
 50555 | Vaults:2 | Received a gift from Okawaru
 50627 | Vaults:2 | Reached XP level 22. HP: 217/222 MP: 20/26
 51150 | Vaults:2 | Noticed Bank's ghost (adept DDFi)
 51174 | Vaults:2 | Killed Bank's ghost
 51197 | Vaults:2 | Found Qeguorph's General Store.
 51204 | Vaults:2 | Bought a scroll of teleportation for 60 gold pieces
 51955 | Vaults:3 | Received a gift from Okawaru
 51963 | Vaults:3 | Reached skill level 24 in Fighting
 52495 | Vaults:3 | Found a staircase to the Crypt.
 53309 | Vaults:4 | Found a runed gate.
 53318 | Vaults:4 | Found a runed gate.
 53319 | Vaults:4 | Found a runed gate.
 53320 | Vaults:4 | Received a gift from Okawaru
 53865 | Vaults:4 | Reached XP level 23. HP: 232/232 MP: 28/28
 54453 | Vaults:4 | Noticed Ikkolaj's ghost (adept OpFi)
 54453 | Vaults:4 | Noticed Ciwnetz's ghost (adept GrEE)
 54454 | Vaults:4 | Noticed Hoeroty's ghost (adept HOFi)
 54467 | Vaults:4 | Killed Ciwnetz's ghost
 54474 | Vaults:4 | Killed Ikkolaj's ghost
 54487 | Vaults:4 | Killed Hoeroty's ghost
 54512 | Vaults:4 | Got a bound garnet amulet
 54515 | Vaults:4 | Identified the amulet "Vegelofa" {Spirit +Blink rF+ MR+}
                  | (You found it on level 4 of the Vaults)
 54548 | Vaults:5 | Entered Level 5 of the Vaults
 54566 | Vaults:5 | Noticed Saint Roka
 54616 | Vaults:5 | Noticed an ancient lich
 54777 | Vaults:5 | Found the +3 robe of Folly {Archmagi, MR-- Int+5}
 54792 | Vaults:5 | Received a gift from Okawaru
 54825 | Vaults:5 | Noticed an ancient lich
 54834 | Vaults:5 | Killed an ancient lich
 54856 | Vaults:5 | Killed from afar by an ancient lich

Vault maps used:
D:1:      ncdulo_watergridlock
D:2:      old_standard_altar, first_ration, minmay_goblin_outpost
D:4:      lemuel_doored_altar, tgw_xom
D:5:      cheibrodos_helix_gallery, lemuel_coloured_pillars_altar,
          evilmike_ruin_ashenzari
D:6:      tso_altar, temple_green
D:7:      uniq_joseph
D:8:      the_bakery
D:9:      grunt_lair_entry_orc_guard_hut, hangedman_decor_push,
          hangedman_abyss_or_decor_slice, kennysheep_doodads, uniq_psyche
D:10:     minivault_10
D:11:     minmay_quarter_circles, hangedman_tree_tricks
D:12:     orc_0_dummy, nicolae_gozag_seed_capital
D:13:     minmay_twisted_water, serial_shops, shop
D:14:     erik_vaults_1, minmay_misc_feat_five,
          lemuel_mausoleum_altar_yredelemnul
D:15:     hangedman_depths_entry_try_elsewhere_first, serial_shops, shop,
          uniq_roxanne, uniq_josephine
Temple:   nicolae_temple_x_marks_the_god
Lair:1:   grunt_megastairs_2, uniq_nergalle, uniq_urug
Lair:2:   minmay_holes
Lair:3:   minmay_snake_entry_spellcaster, wad_woods_road_01, grunt_megastairs_4
Lair:4:   swamp_mist_pool, minivault_19, uniq_snorg
Lair:5:   lemuel_slime, lab_entry_generic, uniq_rupert
Lair:6:   grunt_lair_end_beastmaster, slime_altar_1, minivault_19
Swamp:1:  nicolae_swamp_fairy_circle
Swamp:2:  nicolae_swamp_orc_logging_accident
Swamp:3:  nicolae_swamp_godswood, swamp_pool5
Swamp:4:  swamp_basic_johnstein, infiniplex_staircase_pool_2
Snake:1:  serial_shops, shop, shop, statue_in_the_mist_lemuel,
          serial_bayou_shore_a, serial_bayou_shore_b
Snake:2:  grunt_ministairs_6, serial_bayou_ford_a, uniq_agnes
Snake:3:  portal_ice_cave_entry_pillars_four, nrook_guardian_serpent_ordinary,
          serial_bayou_shore_b, grunt_megastairs_3, serial_bayou_shore_b,
          serial_bayou_shore_b, minmay_shop_grove, uniq_kirke
Snake:4:  johnstein_snake_rune_scales
Slime:1:  cheibrodos_slime_lost_civilization_3
Slime:2:  cheibrodos_slime_lost_civilization_5
Orc:1:    gammafunk_ghost_arena, enter_bailey_7, library_closet
Orc:2:    st_orc_open, serial_shops, shop
Elf:1:    minmay_elf_arrival_summoners, serial_shops, bzr_entry_dummy,
          evilmike_minifort, lemuel_flamethrower_hall
Elf:3:    elf_hall, serial_shops, shop, grunt_megastairs_5, uniq_louise
Vaults:1: ontoclasm_vaults_spin, nicolae_vaults_back_hallway,
          grunt_vaults_funnel, v_alt_pattern_3, nicolae_vaults_asterisk,
          nicolae_vaults_puzzle_piece, grunt_vaults_twisty,
          vaults_room_ringed_pool, v_misc_26, ontoclasm_vaults_loading_screen,
          vaults_room_hallway
Vaults:2: gammafunk_vaults_ghost_grave, nicolae_vaults_three_branches,
          vaults_standard_mumra_lines, vaults_room_door_ring,
          nicolae_vaults_asterisk, nicolae_vaults_stairing_the_circle,
          nicolae_vaults_diagonal_hallway_8, grunt_vaults_funneled_arena,
          ontoclasm_vaults_idyll, v_misc_28, nicolae_vaults_hallways_thing,
          nicolae_vaults_network_s, v_misc_8, vaults_dpeg_hooks,
          nicolae_vaults_little_squares_1, ontoclasm_vaults_pinch, serial_shops,
          shop, shop, shop, shop
Vaults:3: v_misc_17, v_misc_2, v_misc_30, vaults_mumra_minichess,
          ontoclasm_vaults_chip, minmay_crypt_entry_skeletal_spiral,
          ontoclasm_vaults_gallery, ontoclasm_vaults_shuriken, v_misc_12,
          vaults_room_pool
Vaults:4: gammafunk_vaults_ghost_cemetery, v_misc_5, grunt_vaults_bifocal,
          v_alt_pattern_1, vaults_room_corners, vaults_room_fancy_cross,
          hangedman_vaults_stream, nicolae_vaults_asterisk,
          nicolae_vaults_rhombus_6, ontoclasm_vaults_hangar,
          nicolae_vaults_little_squares_6, grunt_vaults_diagonal
Vaults:5: serial_shops, uniq_saint_roka
Lab:      labyrinth_watery, nicolae_lab_do_over, nicolae_lab_statue,
          labyrinth_glass_1
Bazaar:   bazaar_jpeg_circle_rare_2
Bailey:   bailey_axe_2, bailey

Skill      XL: |  1  2  3  4  5  6  7  8  9 10 11 12 13 14 15 16 17 18 19 20 21 22 23 |
---------------+----------------------------------------------------------------------+-----
Fighting       | 4 5 6 7 8 9 10 11 12 14 15 16 17 18 19 20 22 23 24 | 24.9
Armour         | 4 5 6 7 8 9 10 11 12 14 15 16 17 18 19 20 | 20.2
Long Blades    | 3 5 7 9 11 12 14 16 17 18 | 18.0
Invocations    | 3 5 6 7 8 |  8.0
Shields        | 5 7 9 11 13 14 16 17 18 19 20 | 20.2
Dodging        | 3 7 9 11 13 15 17 18 19 | 19.9

Action                   |  1- 3 |  4- 6 |  7- 9 | 10-12 | 13-15 | 16-18 | 19-21 | 22-24 || total
-------------------------+-------+-------+-------+-------+-------+-------+-------+-------++-------
Melee: Long sword        |   101 |    40 |       |       |       |       |       |       ||   141
       Headbutt          |    13 |    15 |    63 |   221 |   447 |   404 |   664 |   347 ||  2174
       Falchion          |       |    68 |   367 |   908 |   463 |       |       |       ||  1806
       Unarmed           |       |       |     2 |       |       |       |       |       ||     2
       Scimitar          |       |       |       |       |  1011 |  1206 |  1600 |    45 ||  3862
       Double sword      |       |       |       |       |       |       |       |   748 ||   748
Throw: Stone             |    12 |     8 |       |       |       |       |       |       ||    20
Invok: Heroism           |       |       |       |    18 |    32 |    31 |    34 |    23 ||   138
       Finesse           |       |       |       |     1 |     9 |     7 |     9 |     4 ||    30
Evoke: Wand              |       |       |       |     3 |     1 |     3 |       |       ||     7
  Use: Scroll            |       |     5 |     1 |    17 |    22 |    10 |     8 |    10 ||    73
       Potion            |       |       |       |     1 |     1 |     7 |    11 |     3 ||    23
 Stab: Petrified         |       |       |       |       |     2 |       |       |       ||     2
       Distracted        |       |       |       |       |       |     2 |       |       ||     2
  Eat: Chunk             |     1 |     7 |    13 |    19 |    25 |    21 |    10 |    13 ||   109
       Ration            |       |       |       |     2 |     6 |     4 |     8 |     1 ||    21
Armor: Scale mail        |    39 |    26 |       |       |       |       |       |       ||    65
       Chain mail        |       |    17 |       |       |       |       |       |       ||    17
       Plate armour      |       |     7 |   174 |   269 |   531 |   361 |   306 |    99 ||  1747
Dodge: Dodged            |    31 |    35 |    34 |    92 |   355 |   376 |   616 |   306 ||  1845
Block: Shield            |    48 |    67 |   143 |   418 |  1118 |   753 |       |       ||  2547
       Reflection        |       |       |       |    16 |    51 |    92 |   197 |    88 ||   444
       Large shield      |       |       |       |       |       |   317 |  1857 |   907 ||  3081
       Rpst.: Long sword |     7 |     5 |       |       |       |       |       |       ||    12
       Falchion          |       |     3 |    13 |    22 |     6 |       |       |       ||    44
       Scimitar          |       |       |       |       |    46 |    57 |    85 |     3 ||   191
       Double sword      |       |       |       |       |       |       |       |    55 ||    55

Table legend:
 A = Non-vault XP
 B = Vault XP
 C = Vault XP percentage of total XP
 D = Non-vault monster count
 E = Vault monster count
 F = Vault count percentage of total count
                 A         B        C        D         E       F
            +---------+---------+-------+---------+---------+-------
      Total |  435023 |  395834 |  47.6 |    1251 |     605 |  32.6
            +---------+---------+-------+---------+---------+-------
        D:1 |      29 |       0 |   0.0 |      15 |       0 |   0.0
        D:2 |      92 |       9 |   8.9 |      24 |       5 |  17.2
        D:3 |      54 |       0 |   0.0 |      20 |       0 |   0.0
        D:4 |     693 |      12 |   1.7 |      22 |       4 |  15.4
        D:5 |     517 |      36 |   6.5 |      31 |       1 |   3.1
        D:6 |    1762 |       0 |   0.0 |      32 |       0 |   0.0
        D:7 |     899 |     475 |  34.6 |      27 |       1 |   3.6
        D:8 |    1483 |     215 |  12.7 |      24 |       1 |   4.0
        D:9 |    2432 |     880 |  26.6 |      38 |       5 |  11.6
       D:10 |    3703 |       0 |   0.0 |      35 |       0 |   0.0
       D:11 |    4334 |    4863 |  52.9 |      47 |      28 |  37.3
       D:12 |    7159 |       0 |   0.0 |      26 |       0 |   0.0
       D:13 |    2761 |    1720 |  38.4 |      17 |      13 |  43.3
       D:14 |    8696 |    2961 |  25.4 |      26 |      14 |  35.0
       D:15 |   16014 |    5011 |  23.8 |      40 |       8 |  16.7
     Lair:1 |    1441 |    3271 |  69.4 |       8 |       8 |  50.0
     Lair:2 |    1649 |       0 |   0.0 |       7 |       0 |   0.0
     Lair:3 |    3026 |     688 |  18.5 |      18 |       3 |  14.3
     Lair:4 |    6189 |    1190 |  16.1 |      21 |       1 |   4.5
     Lair:5 |    4658 |    3432 |  42.4 |      18 |      21 |  53.8
     Lair:6 |   14262 |    8521 |  37.4 |      43 |      17 |  28.3
    Swamp:1 |    8001 |       0 |   0.0 |      25 |       0 |   0.0
    Swamp:2 |   14706 |       0 |   0.0 |      27 |       0 |   0.0
    Swamp:3 |    5936 |     403 |   6.4 |      15 |       3 |  16.7
    Swamp:4 |   16126 |   25898 |  61.6 |      33 |      35 |  51.5
    Snake:1 |   18302 |       0 |   0.0 |      32 |       0 |   0.0
    Snake:2 |   10064 |    3003 |  23.0 |      23 |       3 |  11.5
    Snake:3 |   23727 |    4462 |  15.8 |      49 |       8 |  14.0
    Snake:4 |   14122 |   44402 |  75.9 |      28 |      69 |  71.1
    Slime:1 |    5567 |       0 |   0.0 |      12 |       0 |   0.0
    Slime:2 |   13952 |       0 |   0.0 |      29 |       0 |   0.0
    Slime:3 |    9562 |       0 |   0.0 |      30 |       0 |   0.0
    Slime:4 |    2173 |       0 |   0.0 |       2 |       0 |   0.0
    Slime:5 |    9129 |   31165 |  77.3 |      19 |      12 |  38.7
      Orc:1 |    3011 |    1106 |  26.9 |      29 |       7 |  19.4
      Orc:2 |    2685 |   15738 |  85.4 |      24 |      37 |  60.7
      Elf:1 |   19928 |   11222 |  36.0 |      33 |      19 |  36.5
      Elf:2 |   13154 |   24204 |  64.8 |      24 |      29 |  54.7
      Elf:3 |   14433 |   50800 |  77.9 |      22 |      38 |  63.3
   Vaults:1 |   15599 |   14653 |  48.4 |      42 |      25 |  37.3
   Vaults:2 |   51013 |   31462 |  38.1 |      87 |      48 |  35.6
   Vaults:3 |   39437 |   31890 |  44.7 |      51 |      50 |  49.5
   Vaults:4 |   34799 |   21358 |  38.0 |      63 |      14 |  18.2
   Vaults:5 |    7744 |   49157 |  86.4 |      13 |      43 |  76.8
        Lab |       0 |    1269 | 100.0 |       0 |       1 | 100.0
     Bailey |       0 |     358 | 100.0 |       0 |      34 | 100.0
            +---------+---------+-------+---------+---------+-------
